 Dungeon Crawl Stone Soup version 0.24.0-13-gcf9b3192b9 (console) character file.

Game seed: 3473815968409052059, levelgen mode: deterministic

110 AlterAsc the Changer (level 4, -1/28 HPs)
             Began as an Octopode Transmuter on Nov 8, 2019.
             Slain by an orc (4 damage)
             ... on level 3 of the Dungeon.
             The game lasted 00:09:20 (1936 turns).

AlterAsc the Changer (Octopode Transmuter)          Turns: 1936, Time: 00:09:21

Health: -1/28      AC:  1    Str: 10    XL:     4   Next: 91%
Magic:  2/8        EV: 13    Int: 20    God:
Gold:   83         SH:  0    Dex: 12    Spells: 3/9 levels left

rFire    . . .     SeeInvis .     - Unarmed
rCold    . . .     Gourm    .   (no shield)
rNeg     . . .     Faith    .   (helmet restricted)
rPois    .         Spirit   .   (no amulet)
rElec    .         Reflect  .   (no ring)
rCorr    .         Harm     .   (no ring)
MR       .....                  (no ring)
Stlth    ++........             (no ring)
HPRegen  0.09/turn              (no ring)
MPRegen  0.11/turn              (no ring)
                                (no ring)
                                (no ring)

@: brilliant, lethally poisoned (-1 -> -16), hasted, very quick
A: almost no armour, stealthy swim, amphibious, 8 rings, constrict 8, camouflage
1, gelatinous body 1
a: no special abilities


You were on level 3 of the Dungeon.
You were near starving.

You visited 1 branch of the dungeon, and saw 3 of its levels.

You collected 83 gold pieces.

Inventory:

Missiles
 a - 30 arrows
 g - a throwing net (quivered)
Scrolls
 h - a scroll of enchant weapon {unknown}
 i - a scroll of blinking {unknown}
 j - a scroll of identify {unknown}
 l - a scroll of remove curse {unknown}
 m - a scroll of noise {unknown}
Comestibles
 c - a ration


   Skills:
 - Level 1.0 Fighting
 - Level 2.0 Dodging
 - Level 3.0 Unarmed Combat
 + Level 3.0 Spellcasting
 * Level 4.1 Transmutations


You had 3 spell levels left.
You knew the following spells:

 Your Spells              Type           Power        Failure   Level  Hunger
a - Beastly Appendage     Tmut           ####..       1%          1    None
b - Sticks to Snakes      Tmut           ####....     1%          2    ##.....
c - Spider Form           Tmut/Pois      ###.......   2%          3    ###....

Your spell library contained the following spells:

 Spells                   Type           Power        Failure   Level  Hunger
 Ice Form                 Ice/Tmut       ###.....     7%          4    ####...
 Blade Hands              Tmut           ####......   9%          5    ######.


Dungeon Overview and Level Annotations

Branches:
Dungeon (3/15)

Altars:
Dithmenos
Ru

Annotations:
D:2 2 exclusions


Innate Abilities, Weirdness & Mutations

You cannot wear most types of armour.
You are very stealthy in the water. (Stealth+)
You are amphibious.
You can wear up to eight rings at the same time.
You can use your tentacles to constrict eight enemies at once.
Your skin changes colour to match your surroundings (Stealth+).
Your rubbery body absorbs attacks. (AC +1, EV +1)


Message History

There is a stone staircase leading up here.
The kobold throws a poisoned dart.
The poisoned dart hits you!
You are lethally poisoned!
Found 17 gold pieces.
You see here a poisoned dart.
It was a potion of brilliance.
You feel clever all of a sudden.
* * * LOW HITPOINT WARNING * * *
You feel sick. The orc closely misses you.
It was a potion of haste.
You feel yourself speed up.
* * * LOW HITPOINT WARNING * * *
You feel sick. The orc barely misses you.
The kobold throws a poisoned dart.
The poisoned dart hits you!
You are more poisoned.
As you read the scroll labeled MYSYIL QIADOT, it crumbles to dust.
It is a scroll of enchant armour.
You aren't carrying any armour which can be enchanted further.
* * * LOW HITPOINT WARNING * * *
You feel sick. The orc hits you.
You die...

.$ ##. ..
._. .# ..#
.#...##
.#....#
.....
..#######..#
#....goo@.#
##.....o###
#...K.##
#.....
#.....
######


You could see an orc wizard, 2 orcs, a hobgoblin and a kobold.

Vanquished Creatures
  A worker ant (D:2)
  4 adders (D:2)
  2 dart slugs (D:1)
  A leopard gecko (D:1)
  3 orcs (D:2)
  3 giant cockroaches
  9 goblins
  7 hobgoblins
  4 kobolds
  8 bats
  A frilled lizard (D:2)
  7 rats
50 creatures vanquished.

Notes
Turn   | Place    | Note
-------+----------+-------------------------------------------
     0 | D:1      | AlterAsc the Octopode Transmuter began the quest for the
                  | Orb.
     0 | D:1      | Reached XP level 1. HP: 13/13 MP: 3/3
    67 | D:1      | Reached XP level 2. HP: 16/18 MP: 5/5
   189 | D:1      | Learned a level 2 spell: Sticks to Snakes
   218 | D:1      | Reached XP level 3. HP: 20/23 MP: 6/6
   263 | D:1      | Reached skill level 3 in Transmutations
   510 | D:2      | Found a shadowy altar of Dithmenos.
  1057 | D:2      | Noticed a hungry ghost
  1109 | D:2      | Reached XP level 4. HP: 14/28 MP: 6/8
  1434 | D:2      | Learned a level 3 spell: Spider Form
  1675 | D:2      | Reached skill level 4 in Transmutations
  1932 | D:3      | Found a sacrificial altar of Ru.
  1936 | D:3      | Slain by an orc

Levels and vault maps discovered:
D:1:      beargit_arrival_greenhouse, layout_basic, minmay_indecisive_spiral
D:2:      layout_rooms, lemuel_doored_altar, minmay_divided_ellipse
D:3:      layout_rooms, overflow_temple_1_default, first_ration

Skill      XL: |  1  2  3  4 |
---------------+-------------+-----
Transmutations | 3 4 |  4.1
Spellcasting   | 3 |  3.0
Fighting       | |  1.0
Dodging        | |  2.0
Unarmed Combat | |  3.0

Action                   |  1- 3 |  4- 6 || total
-------------------------+-------+-------++-------
Melee: Unarmed           |    81 |    39 ||   120
       Kick              |    10 |     1 ||    11
       Constrict         |    24 |     8 ||    32
       Tentacles         |    17 |     6 ||    23
       Punch             |       |     1 ||     1
Throw: Throwing net      |       |     2 ||     2
 Cast: Beastly Appendage |    13 |     3 ||    16
       Sticks to Snakes  |       |    10 ||    10
       Spider Form       |       |     2 ||     2
  Use: Potion            |       |     4 ||     4
       Scroll            |       |     1 ||     1
 Stab: Sleeping          |     3 |       ||     3
  Eat: Chunk             |     2 |     4 ||     6
       Ration            |       |     1 ||     1
Armor: Skin              |    12 |     4 ||    16
Dodge: Dodged            |    58 |    35 ||    93
